 Dungeon Crawl Stone Soup version 0.31-a0-844-gdc52ec4e09 (webtiles) character file.

Game seed: 3894477408589597807

348192 vineage the Slayer (level 21, -1/137 HPs)
             Began as a Gargoyle Gladiator on Sept 11, 2023.
             Was the Champion of Okawaru.
             Slain by Donald
             ... wielding a +0 eveningstar
              (33 damage)
             ... on level 1 of the Vaults on Sept 29, 2023.
             The game lasted 01:03:58 (42755 turns).

vineage the Slayer (Gargoyle Gladiator)            Turns: 42755, Time: 01:03:59

Health: -1/137     AC: 58    Str: 35      XL:     21   Next: 30%
Magic:  23/23      EV: 21    Int: 11 (12) God:    Okawaru [******]
Gold:   4486       SH:  0    Dex: 22      Spells: 20/20 levels left

rFire   + . .        S - +3 demon trident (freeze)
rCold   x x .        X - +4 buckler of a Gauntlet {Str+7 Int-4 Dex+6}
rNeg    + + .        T - +8 orange crystal plate armour {Archmagi, Int+3 Clar}
rPois   ∞            w - +2 hat
rElec   +            J - scarf {repulsion}
rCorr   +            l - +0 pair of gloves
SInv    .            B - +2 pair of boots
Will    +....        Q - amulet of the Madman {rPois rC- Regen+ Str+3} Stlth
                     V - ring of Zall {rElec rF+ rN+ rCorr Int+2}
HPRegen 1.22/turn    a - ring "Goseullu" {rC- rCorr EV+5 Dex+3 Slay+5}
MPRegen 0.18/turn

%: repel missiles, clarity, archmagi
@: confused, ambrosia-drunk, flying, studying Stealth
A: sickness immunity, AC +16, big wings, negative energy resistance 1,
electricity resistance, torment resistance 1, petrification resistance, horns 1,
deterioration 1, frail 1, screaming 1, noise suppression, devolution 1
}: 4/15 runes: decaying, serpentine, slimy, abyssal
a: Renounce Religion, Heroism, Finesse, Duel


You were on level 1 of the Vaults.
You worshipped Okawaru.
Okawaru was exalted by your worship.
You visited 9 branches of the dungeon, and saw 40 of its levels.
You visited the Abyss 1 time.
You visited 2 bazaars.
You also visited: Sewer, Gauntlet, Volcano and Desolation.

You collected 5523 gold pieces.
You spent 1037 gold pieces at shops.

Inventory:

Hand Weapons
 S - a +3 demon trident of freezing (weapon)
Missiles
 D - 35 silver javelins
Armour
 l - a +0 pair of gloves (worn)
 w - a +2 hat (worn)
 B - a +2 pair of boots (worn)
 J - a scarf of repulsion (worn)
 T - the +8 orange crystal plate armour (worn) {Archmagi, Int+3 Clar}
   (Okawaru gifted it to you on level 5 of the Lair of Beasts)

   Int+3:     It affects your intelligence (+3).
   Clar:      It protects you from confusion, rage, mesmerisation and fear.
 X - the +4 buckler of a Gauntlet (worn) {Str+7 Int-4 Dex+6}
   (You acquired it on level 12 of the Dungeon)

   Str+7:     It affects your strength (+7).
   Int-4:     It affects your intelligence (-4).
   Dex+6:     It affects your dexterity (+6).
Jewellery
 a - the ring "Goseullu" (right hand) {rC- rCorr EV+5 Dex+3 Slay+5}
   (You took it off an orc knight on level 11 of the Dungeon)

   [ring of evasion]

   EV+5:      It affects your evasion (+5).
   Dex+3:     It affects your dexterity (+3).
   Slay+5:    It affects your accuracy & damage with ranged weapons and melee
   (+5).
   rC-:       It makes you vulnerable to cold.
   rCorr:     It protects you from acid and corrosion.
 d - the ring of the Freezing God {rN+ Str+3 Dex+6}
   (You found it on level 5 of the Pits of Slime)

   [ring of dexterity]

   Str+3:     It affects your strength (+3).
   Dex+6:     It affects your dexterity (+6).
   rN+:       It protects you from negative energy.
 e - a ring of protection from cold
 g - a +6 ring of strength
 s - a ring of willpower
 F - a ring of resist corrosion
 G - a ring of willpower
 H - a ring of protection from fire
 K - a ring of protection from fire
 M - the ring of Yxoir {EV+5 Int-2 Dex+5}
   (You found it on level 2 of the Lair of Beasts)

   [ring of evasion]

   EV+5:      It affects your evasion (+5).
   Int-2:     It affects your intelligence (-2).
   Dex+5:     It affects your dexterity (+5).
 Q - the amulet of the Madman (around neck) {rPois rC- Regen+ Str+3}
   (You took it off a deep elf death mage on level 3 of the Elven Halls)

   [amulet of regeneration]

   Str+3:     It affects your strength (+3).
   rC-:       It makes you vulnerable to cold.
   rPois:     It protects you from poison Regen+: It increases your rate of
   health regeneration.
 V - the ring of Zall (left hand) {rElec rF+ rN+ rCorr Int+2}
   (You found it on level 5 of the Pits of Slime)

   [ring of positive energy]

   Int+2:     It affects your intelligence (+2).
   rF+:       It protects you from fire.
   rElec:     It insulates you from electricity.
   rN+:       It protects you from negative energy.
   rCorr:     It protects you from acid and corrosion.
Scrolls
 b - a scroll of revelation
 c - 9 scrolls of silence
 f - 13 scrolls of teleportation
 o - a scroll of blinking
 p - 2 scrolls of vulnerability
 q - 27 scrolls of identify
 t - 5 scrolls of immolation
 u - 6 scrolls of amnesia
 v - 8 scrolls of enchant armour
 y - 5 scrolls of fog
 W - 5 scrolls of fear
 Z - 5 scrolls of poison
Potions
 h - 7 potions of attraction
 i - 5 potions of cancellation
 j - 8 potions of might
 k - 2 potions of ambrosia
 m - 3 potions of resistance
 n - 7 potions of heal wounds
 r - 6 potions of lignification
 x - 4 potions of invisibility
 z - 2 potions of mutation
 A - 15 potions of curing
 C - 4 potions of berserk rage
 N - 4 potions of magic
 O - 5 potions of haste
 R - 7 potions of brilliance
 U - 3 potions of enlightenment


   Skills:
 * Level 23.0 Fighting
 * Level 18.9 Polearms
 - Level 1.7 Throwing
 + Level 19.8 Armour
 - Level 13.2 Dodging
 - Level 11.4 Stealth
 + Level 16.3 Shields
 * Level 3.6 Invocations


You had 20 spell levels left.
You didn't know any spells.
Your spell library contained the following spells:

 Spells                   Type           Power      Damage    Failure   Level
 Freeze                   Ice            0%         1d3       95%         1
 Magic Dart               Conj           0%         1d3       95%         1
 Sandblast                Erth           0%         2d4       95%         1
 Slow                     Hex            0%         N/A       95%         1
 Sting                    Tmut/Pois      0%         1d3       95%         1
 Blink                    Tloc           0%         N/A       99%         2
 Ensorcelled Hibernation  Hex/Ice        0%         N/A       99%         2
 Jinxbite                 Hex            0%         N/A       99%         2
 Lesser Beckoning         Tloc           0%         N/A       99%         2
 Momentum Strike          Conj/Tloc      0%         3d8       99%         2
 Passwall                 Tmut/Erth      0%         N/A       99%         2
 Poisonous Vapours        Pois/Air       0%         N/A       99%         2
 Scorch                   Fire           0%         2d5       99%         2
 Searing Ray              Conj           0%         2d4       99%         2
 Wereblood                Tmut           0%         N/A       99%         2
 Confusing Touch          Hex            0%         N/A       100%        3
 Dazzling Flash           Conj/Hex       0%         N/A       100%        3
 Frozen Ramparts          Ice            0%         1d1       100%        3
 Hailstorm                Conj/Ice       0%         3d3       100%        3
 Mephitic Cloud           Conj/Pois/Air  0%         N/A       100%        3
 Ozocubu's Armour         Ice            0%         N/A       100%        3
 Sigil of Binding         Hex            0%         N/A       100%        3
 Stone Arrow              Conj/Erth      0%         3d7       100%        3
 Swiftness                Air            0%         N/A       100%        3
 Vampiric Draining        Necr           0%         2d6       100%        3
 Volatile Blastmotes      Fire/Tloc      0%         2d10      100%        3
 Anguish                  Hex/Necr       0%         N/A       100%        4
 Brom's Barrelling Bould  Conj/Erth      0%         2d3       100%        4
 Cause Fear               Hex            0%         N/A       100%        4
 Dimensional Bullseye     Hex/Tloc       0%         N/A       100%        4
 Flame Wave               Conj/Fire      0%         2d4       100%        4
 Fulminant Prism          Conj/Hex       0%         3d5       100%        4
 Iskenderun's Mystic Bla  Conj/Tloc      0%         2d3       100%        4
 Leda's Liquefaction      Hex/Erth       0%         N/A       100%        4
 Manifold Assault         Tloc           0%         N/A       100%        4
 Olgreb's Toxic Radiance  Pois           0%         N/A       100%        4
 Passage of Golubria      Tloc           0%         N/A       100%        4
 Petrify                  Tmut/Erth      0%         N/A       100%        4
 Agony                    Necr           0%         N/A       100%        5
 Alistair's Intoxication  Tmut/Pois      0%         N/A       100%        5
 Borgnjor's Vile Clutch   Necr/Erth      0%         N/A       100%        5
 Fireball                 Conj/Fire      0%         3d3       100%        5
 Freezing Cloud           Conj/Ice/Air   0%         6-21      100%        5
 Irradiate                Conj/Tmut      0%         3d11      100%        5
 Iskenderun's Battlesphe  Conj           0%         2d6       100%        5
 Lee's Rapid Deconstruct  Erth           0%         3d4*      100%        5
 Metabolic Englaciation   Hex/Ice        0%         N/A       100%        5
 Silence                  Hex/Air        0%         N/A       100%        5
 Bombard                  Conj/Erth      0%         9d1       100%        6
 Conjure Ball Lightning   Conj/Air       0%         3x3d6     100%        6
 Eringya's Noxious Bog    Tmut/Pois      0%         4d6       100%        6
 Orb of Destruction       Conj           0%         9d5       100%        7
 Ozocubu's Refrigeration  Ice            0%         4d7       100%        7
 Lehudib's Crystal Spear  Conj/Erth      0%         10d2      100%        8
 Chain Lightning          Conj/Air       0%         N/A       100%        9
 Fire Storm               Conj/Fire      0%         5d1       100%        9
 Shatter                  Erth           0%         3d5*      100%        9
 Sublimation of Blood     Necr           Unusable   N/A       N/A         2
 Tukima's Dance           Hex            Unusable   N/A       N/A         3
 Animate Armour           Summ/Erth      Unusable   N/A       N/A         4
 Animate Dead             Necr           Unusable   N/A       N/A         4
 Summon Ice Beast         Ice/Summ       Unusable   N/A       N/A         4
 Summon Lightning Spire   Summ/Air       Unusable   N/A       N/A         4
 Summon Mana Viper        Hex/Summ       Unusable   N/A       N/A         5
 Death Channel            Necr           Unusable   N/A       N/A         6
 Simulacrum               Ice/Necr       Unusable   N/A       N/A         6
 Summon Cactus Giant      Summ           Unusable   N/A       N/A         6
 Spellforged Servitor     Conj/Summ      Unusable   N/A       N/A         7
 Dragon's Call            Summ           Unusable   N/A       N/A         9

Dungeon Overview and Level Annotations

Branches:
Dungeon (15/15)            Temple (1/1) D:5            Lair (5/5) D:9
  Swamp (4/4) Lair:2        Snake (4/4) Lair:2        Slime (5/5) Lair:4
    Orc (2/2) D:12            Elf (3/3) Orc:2        Vaults (1/5) D:14
 Depths (0/4) D:15          Sewer (visited)         Volcano (visited)
Desolation (visited)      Gauntlet (visited)

Altars:
Ashenzari
Cheibriados
Dithmenos
Elyvilon
Fedhas
Gozag
Hepliaklqana
Kikubaaqudgha
Makhleb
Nemelex Xobeh
Okawaru
Qazlal
Ru
Sif Muna
Trog
Uskayaw
Vehumet
Wu Jian
Xom
Yredelemnul
Zin
The Shining One
Jiyva

Shops:
D:4 (   D:5 (   D:14 *   Orc:2 [![*   Elf:1 **[

Portals:
Abyss: Elf:3

Annotations:
Elf:3 DocSulfur's ghost, veteran TeBe
Vaults:1 Donald


Innate Abilities, Weirdness & Mutations

You are immune to sickness and miasma.
Your stone body is resilient. (AC +16)
You are immune to poison.
Your large and strong wings let you fly.
You resist negative energy. (rN+)
You are resistant to electric shocks. (rElec)
You are resistant to unholy torment.
You are immune to petrification.
You have a pair of small horns on your head.
Your body sometimes deteriorates upon taking damage.
You are frail. (-10% HP)
You occasionally shout uncontrollably at your foes.
You passively dampen the noise of your surroundings.
You have hidden genetic defects.


Message History

You block the vault guard's attack.
You are too injured to fight recklessly!
Donald blocks your attack.
Your headbutt misses Donald.
Donald is moderately wounded.
Donald barely misses you. The vault warden completely misses you.
The ironbound convoker points at the vault warden and mumbles some strange words.
The ironbound frostheart calls freezing cold from the walls.
The frost grips you.
You feel a terrible chill!
* * * LOW HITPOINT WARNING * * *
Donald blocks your attack.
Donald is moderately wounded.
Donald says, "Maybe I'll visit Hell next."
You block Donald's attack.
The vault guard hits you with a +1 great mace!!
* * * LOW HITPOINT WARNING * * *
Blink to where?
Press: ? - help, Dir - move target, p - vault warden
As you read the scroll of blinking, it crumbles to dust.
The ice encasing you melts away.
Donald gestures wildly while chanting.
Donald seems to grow stronger.
Donald says, "I asked the warden where the rune was.
She slammed the door in my face."
Donald says, "I hate this place."
Donald says, "I saw a dragon earlier, but I didn't get too close - it seemed pretty mercurial."
You feel like a meek peon again.
Donald's soul is no longer bound.
Donald says, "My feet hurt."
Donald is nearby!
Donald says, "I hate you, too."
You are confused.
You feel invigorated.
Donald hits you with a +0 eveningstar!!!
* * * LOW HITPOINT WARNING * * *
Your body deteriorates!
You feel dopey.
You are too confused!
You feel much better.
Donald says, "That guy with the scythe is really mean."
Donald hits you but does no damage. Donald hits you with a +0 eveningstar!!
You die...
Donald says, "Well, maybe you weren't so bad after all."

# # #### ###+##### # .∩.#
#...#...# # #.#.#
#..8#8..#######+########## .#.#.#
#..[.'..#...............§#
###.#.##..'['..#.#....#....#...†p
.. #.#.#..†)'..#@###..###..###..#
.#.##..'..'.'..#@.###..###..###.#
...#.#.#..8#8..'.###.)###..###..#
###.#.##(..#...#.#....#....#....#
.#.#.#.#########...>.............
#.#.#.## ##....#....#)...#.
...#.#.# #..###..###..###.
######+# #.###..###..###..
#..###..###..###.
#....#....#....#.


You could see Donald (fast, strong, reflecting).

Vanquished Creatures
  the Royal Jelly (Slime:5)
  Mara (Elf:3)
  Saint Roka (Snake:3)
  2 deep elf blademasters (Elf:3)
  2 deep elf master archers (Elf:3)
  9 acid blobs
  2 tentacled starspawn (Abyss:3)
  Gastronok (Lair:2)
  The ghost of Domino the Warrior, an adept MiBe of Trog (Snake:4)
  Roxanne (Snake:3)
  A thorn hunter (Abyss:3)
  Kirke (D:12)
  Aizul (Snake:1)
  5 rockslimes (Slime:5)
  10 azure jellies (Slime:5)
  6 nagarajas (Snake:4)
  4 deep elf sorcerers
  4 deep elf elementalists (Elf:3)
  A draconian shifter (Abyss:3)
  3 ironbound preservers (Vaults:1)
  6 quicksilver oozes
  3 deep elf demonologists (Elf:3)
  5 eleionomae
  15 starcursed masses (Abyss:3)
  6 deep elf annihilators (Elf:3)
  Azrael (D:13)
  A dire elephant (D:15)
  A minotaur (Gauntlet)
  4 bunyips
  A red draconian (Volcano)
  The ghost of Gabrierda the Thaumaturge, a journeyman DjIE of Makhleb (Swamp:1)
  A merfolk javelineer (Abyss:3)
  A crystal guardian (Elf:3)
  10 deep elf death magi (Elf:3)
  2 deep elf high priests (Elf:3)
  An entropy weaver (Abyss:3)
  3 great orbs of eyes
  Harold (D:9)
  A yaktaur captain (D:14)
  Fannar (Lair:2)
  A peacekeeper (Desolation)
  2 salamander tyrants (Snake:2)
  A servant of whispers (Desolation)
  A vault guard (Vaults:1)
  3 ice dragons (Swamp:4)
  18 hydras
  4 ghost crabs
  An ogre mage (D:15)
  3 catoblepae
  15 alligators
  5 two-headed ogres
  5 boulder beetles
  16 naga warriors
  A satyr (Abyss:3)
  3 tengu warriors
  A deep troll shaman (Lair:5)
  23 dancing weapons
  7 anacondas
  8 centaur warriors
  13 death yaks
  4 orc high priests (Orc:2)
  9 thrashing horrors (Abyss:3)
  5 shock serpents
  13 naga sharpshooters
  Nergalle (D:12)
  Sonja (Lair:2)
  16 deep elf knights
  A wretched star (Abyss:3)
  A fire crab (Gauntlet)
  A skeletal warrior (D:11)
  A goliath frog (Swamp:2)
  A skyshark (Lair:3)
  4 salamander mystics
  5 naga ritualists
  7 spriggan druids
  9 deep trolls (Vaults:1)
  Pikel (D:9)
  A swamp dragon (Swamp:4)
  2 deep elf archers
  4 bog bodies
  An ironbound convoker (Elf:2)
  17 deep elf zephyrmancers
  3 orc knights
  3 wizards
  6 mana vipers
  23 deep elf pyromancers
  2 large abominations (Abyss:3)
  2 wolf spiders
  4 manticores
  4 orc sorcerers
  An oklob plant (Lair:2)
  4 shining eyes
  18 salamanders
  12 ugly things
  A will-o-the-wisp (Swamp:3)
  11 cyclopes
  2 worldbinders
  26 elephants
  32 black mambas
  An apocalypse crab (Abyss:3)
  A vault sentinel (Vaults:1)
  6 cane toads
  10 guardian serpents
  25 naga magi
  4 gargoyles
  3 torpor snails
  A water nymph (shapeshifter) (Elf:2)
  A rime drake (Lair:2)
  4 freezing wraiths (Swamp:4)
  3 yaktaurs
  2 efreet
  11 komodo dragons
  4 unseen horrors
  2 kobold demonologists (D:11)
  A troll (shapeshifter) (D:13)
  2 tengu conjurers (D:9)
  An ancient zyme (Abyss:3)
  3 polar bears
  A merfolk (D:10)
  A meliai (D:11)
  A polar bear (shapeshifter) (Elf:2)
  8 trolls
  13 tyrant leeches
  A bloated husk (Swamp:1)
  A hornet (shapeshifter) (D:15)
  15 hornets
  A raiju (Abyss:3)
  Grinder (D:4)
  7 saltlings
  10 dream sheep
  34 blink frogs
  An air elemental (Elf:3)
  6 shadows
  89 slime creatures
  11 spriggans
  3 water elementals
  Sigmund (D:3)
  3 wraiths
  93 yaks
  4 wyverns
  A steam dragon (D:6)
  5 fire bats (Gauntlet)
  2 basilisks
  3 fire elementals
  6 humans (D:12)
  A hog (D:12)
  16 vampire mosquitoes
  A chaos spawn (Elf:3)
  8 wargs
  4 hell hounds
  18 swamp worms
  45 nagas
  15 water moccasins
  4 acid dragons
  15 hydra simulacra (Swamp:4)
  A small abomination (Abyss:3)
  28 orc warriors
  4 black bears
  5 ogres
  11 boggarts
  18 wolves
  14 centaurs
  2 phantoms (D:5)
  4 kobold brigands
  2 earth elementals
  9 bullfrogs
  2 scorpions
  A gnoll sergeant (D:9)
  7 wights (D:9)
  9 killer bees
  3 electric eels
  3 howler monkeys
  A quasit (Abyss:3)
  5 hounds
  A lava snake (Lair:2)
  3 jellies
  43 orc priests
  A gnoll bouda (D:6)
  Crazy Yiuf (D:7)
  2 sleepcaps
  Ijyb (D:4)
  2 iguanas
  31 orc wizards
  7 gnolls
  11 adders
  A shadow imp (D:7)
  4 white imps
  8 swamp drake simulacra (Swamp:4)
  An ufetubus (D:4)
  7 worms
  5 dart slugs
  91 orcs
  3 bats
  11 endoplasms
  3 giant cockroaches (D:1)
  7 hobgoblins
  2 jackals (D:1)
  19 kobolds
  5 quokkas
  9 ball pythons
  A frilled lizard (D:2)
  6 goblins
  12 rats
  A lurking horror (Abyss:3)
1474 creatures vanquished.

Vanquished Creatures (others)
  A hydra (Swamp:1)
  A deep elf knight (Elf:2)
  A deep elf archer (Elf:2)
  A salamander (Snake:2)
  A naga mage (Snake:4)
  2 bloated husks
  A slime creature (Slime:4)
  An orc warrior (Snake:3)
  A starcursed mass (Abyss:3)
  An orc (Snake:3)
  4 foxfires (Swamp:3)
  3 starspawn tentacles (Abyss:3)
18 creatures vanquished.

Grand Total: 1492 creatures vanquished

Notes
Turn   | Place    | Note
-------+----------+-------------------------------------------
     0 | D:1      | vineage the Gargoyle Gladiator began the quest for the Orb.
     0 | D:1      | Reached XP level 1. HP: 12/12 MP: 1/1
   182 | D:1      | Reached skill level 3 in Fighting
   182 | D:1      | Reached XP level 2. HP: 15/19 MP: 2/2
   419 | D:1      | Upgraded the game from 0.31-a0-728-g01b46875f1 to
                  | 0.31-a0-844-gdc52ec4e09
   573 | D:1      | Reached XP level 3. HP: 21/24 MP: 3/3
  1040 | D:2      | Reached skill level 4 in Fighting
  1149 | D:2      | Reached XP level 4. HP: 27/30 MP: 4/4
  1447 | D:2      | Found a faded altar of an unknown god.
  1696 | D:3      | Noticed Sigmund
  1724 | D:3      | Killed Sigmund
  1725 | D:3      | Reached skill level 6 in Fighting
  1725 | D:3      | Reached XP level 5. HP: 37/37 MP: 5/5
  1725 | D:3      | Reached XP level 6. HP: 42/42 MP: 6/6
  2281 | D:4      | Noticed Ijyb
  2310 | D:4      | Killed Ijyb
  2311 | D:4      | Reached skill level 7 in Fighting
  2374 | D:4      | Noticed a black bear
  2385 | D:4      | Killed a black bear
  2386 | D:4      | Reached skill level 1 in Armour
  2414 | D:4      | Found Kollave's Weapon Shop.
  2420 | D:4      | Noticed Grinder
  2447 | D:4      | Killed Grinder
  2448 | D:4      | Reached XP level 7. HP: 23/48 MP: 7/7
  2467 | D:4      | Reached skill level 8 in Fighting
  2595 | D:4      | Found a glowing drain.
  2606 | Sewer    | Entered a sewer
  2727 | Sewer    | Reached XP level 8. HP: 45/55 MP: 8/8
  3508 | D:4      | Identified a scroll of acquirement
  3508 | D:4      | Acquired a manual of Armour
  3530 | D:5      | Entered Level 5 of the Dungeon
  3553 | D:5      | Found a staircase to the Ecumenical Temple.
  3612 | D:5      | Reached skill level 9 in Fighting
  3614 | Temple   | Entered the Ecumenical Temple
  3663 | D:5      | Found Soixka Nui's Weapon Shoppe.
  3694 | D:5      | Found a bloodstained altar of Trog.
  3695 | D:5      | Found an iron altar of Okawaru.
  3695 | D:5      | Found a shimmering blue altar of Sif Muna.
  3722 | D:5      | Became a worshipper of Warmaster Okawaru
  4055 | D:5      | Found a basalt altar of Yredelemnul.
  4343 | D:6      | Reached skill level 5 in Armour
  4784 | D:6      | Reached skill level 10 in Fighting
  4784 | D:6      | Reached XP level 9. HP: 59/62 MP: 9/9
  4796 | D:6      | Reached skill level 5 in Polearms
  4911 | D:6      | Reached * piety under Okawaru
  5014 | D:6      | Identified the +9 dagger of Melee {heavy, Str+2}
  5478 | D:7      | Found a runed translucent door.
  5479 | D:7      | Noticed Crazy Yiuf
  5860 | D:7      | Found a sparkling altar of Nemelex Xobeh.
  6159 | D:7      | Killed Crazy Yiuf
  6160 | D:7      | Reached skill level 11 in Fighting
  6211 | D:8      | Noticed a hornet
  6217 | D:8      | Noticed a tengu warrior
  6218 | D:8      | Killed a hornet
  6249 | D:7      | HP: 2/64 [tengu warrior/+1 long sword of electrocution
                  | (14)]
  6255 | D:7      | Killed a tengu warrior
  6255 | D:7      | Reached ** piety under Okawaru
  6525 | D:7      | Reached XP level 10. HP: 33/71 MP: 10/10
  6965 | D:8      | Reached skill level 1 in Shields
  6965 | D:8      | Reached skill level 1 in Invocations
  7519 | D:8      | Found a glowing silver altar of Zin.
  7668 | D:9      | Found a staircase to the Lair.
  7726 | D:9      | Noticed Pikel
  7763 | D:9      | Killed Pikel
  7763 | D:9      | Reached *** piety under Okawaru
  7764 | D:9      | Reached skill level 12 in Fighting
  7913 | D:9      | Reached skill level 10 in Armour
  8106 | D:9      | Identified the +0 leather armour "Bilerr" {Rampage rF+ rC+}
  8117 | D:9      | Reached **** piety under Okawaru
  8229 | D:9      | Found the sphere of Battle
  8410 | D:10     | Entered Level 10 of the Dungeon
  8528 | D:10     | Found a burning altar of Makhleb.
  8588 | D:10     | Reached XP level 11. HP: 76/76 MP: 13/13
  8612 | D:10     | Identified the ring of Byisch Limo {Str+2 Int+6}
  9079 | D:10     | Reached skill level 5 in Shields
  9104 | D:10     | Reached ***** piety under Okawaru
  9662 | D:10     | Reached skill level 13 in Fighting
  9900 | D:11     | Noticed a two-headed ogre
  9909 | D:11     | Killed a two-headed ogre
  9986 | D:11     | Noticed a boulder beetle
  9986 | D:11     | Noticed an eight-headed hydra
  9990 | D:11     | Noticed a deep elf pyromancer
 10038 | Lair:1   | Entered Level 1 of the Lair of Beasts
 10046 | Lair:1   | Noticed Harold
 10134 | D:9      | Received a gift from Okawaru
 10386 | D:9      | Killed Harold
 10559 | Lair:1   | Reached XP level 12. HP: 84/84 MP: 14/14
 10889 | Lair:1   | Received a gift from Okawaru
 11045 | Lair:1   | Reached skill level 14 in Fighting
 11238 | Lair:1   | Noticed a six-headed hydra
 11261 | Lair:1   | Killed a six-headed hydra
 12059 | Lair:1   | Identified the +2 rapier of Causality {flame, rF- Str+2
                  | Int+2 SInv}
 12188 | Lair:1   | Received a gift from Okawaru
 12360 | Lair:2   | Noticed a death yak
 12361 | Lair:2   | Noticed a death yak
 12361 | Lair:2   | Noticed a death yak
 12410 | Lair:1   | Reached XP level 13. HP: 87/91 MP: 15/15
 12441 | Lair:2   | Received a gift from Okawaru
 12442 | Lair:2   | Reached skill level 10 in Polearms
 12487 | Lair:2   | Noticed Sonja
 12507 | Lair:2   | Killed Sonja
 12737 | Lair:2   | Found a staircase to the Snake Pit.
 12753 | Lair:2   | Identified the ring of Yxoir {EV+5 Int-2 Dex+5}
 12788 | Lair:2   | Found a dark tunnel.
 12796 | Volcano  | Entered a volcano
 12815 | Volcano  | Found a radiant altar of Vehumet.
 12816 | Volcano  | Noticed a red draconian
 12924 | Volcano  | Killed a red draconian
 13118 | Lair:2   | Noticed Fannar
 13128 | Lair:2   | Reached skill level 15 in Armour
 13143 | Lair:2   | Killed Fannar
 13405 | Lair:2   | Noticed Gastronok
 13427 | Lair:2   | Killed Gastronok
 13428 | Lair:2   | Reached skill level 15 in Fighting
 13489 | Lair:2   | Received a gift from Okawaru
 13656 | Lair:2   | Found a staircase to the Swamp.
 14011 | Lair:2   | Reached skill level 10 in Shields
 15667 | Lair:3   | Received a gift from Okawaru
 15671 | Lair:3   | Gained mutation: Your large and strong wings let you fly.
                  | [Gargoyle growth]
 15671 | Lair:3   | Reached XP level 14. HP: 66/98 MP: 16/16
 15946 | Lair:3   | Identified the +10 dagger of the Genius {venom, Fragile
                  | rElec Dex+3 Stlth+}
 17011 | Lair:4   | Reached skill level 16 in Fighting
 17130 | Lair:4   | Received a gift from Okawaru
 17246 | Lair:4   | Found a staircase to the Slime Pits.
 17246 | Lair:4   | Found a viscous altar of Jiyva.
 17506 | Lair:4   | Reached skill level 5 in Dodging
 18345 | Lair:5   | Entered Level 5 of the Lair of Beasts
 18623 | Lair:5   | Received a gift from Okawaru
 19118 | Lair:5   | Reached ****** piety under Okawaru
 19121 | Lair:5   | Acquired a +1 demon trident of freezing
 19121 | Lair:5   | Received a gift from Okawaru
 19125 | Lair:5   | Acquired the +8 orange crystal plate armour {Archmagi,
                  | Int+3 Clar}
 19125 | Lair:5   | Received a gift from Okawaru
 19125 | Lair:5   | Found the +8 orange crystal plate armour {Archmagi, Int+3
                  | Clar}
 19239 | Lair:5   | Reached XP level 15. HP: 105/105 MP: 17/17
 19504 | Lair:5   | Received a gift from Okawaru
 19824 | Lair:5   | Identified the staff of Dithmenos {rC+ Summ Tmut Earth}
 19861 | Lair:5   | Reached skill level 17 in Fighting
 20271 | D:11     | Identified the ring "Goseullu" {rC- rCorr EV+5 Dex+3
                  | Slay+5}
 20670 | D:11     | Received a gift from Okawaru
 20821 | D:11     | Identified the +10 great sword of Blood-Lust {protect,
                  | rElec}
 21637 | D:12     | Found a staircase to the Orcish Mines.
 21863 | D:12     | Noticed Kirke
 21877 | D:12     | Killed Kirke
 21877 | D:12     | Received a gift from Okawaru
 22179 | D:12     | Noticed Nergalle
 22189 | D:12     | Killed Nergalle
 22373 | D:12     | Acquired the +4 buckler of a Gauntlet {Str+7 Int-4 Dex+6}
 22431 | D:13     | Found a gate leading to a gauntlet.
 22452 | Gauntlet | Entered a Gauntlet
 22452 | Gauntlet | Found a transporter.
 22455 | Gauntlet | Found a transporter.
 22455 | Gauntlet | Found a transporter.
 22455 | Gauntlet | Found a transporter.
 22478 | Gauntlet | Found a runed translucent door.
 22478 | Gauntlet | Found a runed translucent door.
 22481 | Gauntlet | Found a transporter.
 22482 | Gauntlet | Found a transporter.
 22482 | Gauntlet | Found a transporter.
 22511 | Gauntlet | Found a transporter.
 22511 | Gauntlet | Found a transporter.
 22519 | Gauntlet | Reached skill level 10 in Dodging
 22531 | Gauntlet | Found a transporter.
 22546 | Gauntlet | Found a transporter.
 22546 | Gauntlet | Found a transporter.
 22555 | Gauntlet | Reached XP level 16. HP: 79/114 MP: 18/18
 22565 | Gauntlet | Found a transporter.
 22653 | Gauntlet | Found a transporter.
 22718 | Gauntlet | Identified the +11 plate armour of Patterns {rN+}
 22816 | D:13     | Acquired a manual of Polearms
 22912 | D:13     | Reached skill level 1 in Stealth
 23167 | D:13     | Noticed Azrael
 23177 | D:13     | Killed Azrael
 23177 | D:13     | Received a gift from Okawaru
 23178 | D:13     | Reached skill level 18 in Fighting
 23469 | D:14     | Found a gate to the Vaults.
 23630 | D:14     | Found a flickering gateway to a bazaar.
 23666 | Bazaar   | Entered a bazaar
 23682 | Bazaar   | Found Masoebry's Armour Shoppe.
 23683 | Bazaar   | Found Gomocw's Antique Armour Shoppe.
 23726 | Bazaar   | Found Pipoc's Antique Weapon Emporium.
 23726 | Bazaar   | Found Apur's Book Emporium.
 23863 | D:14     | Found a glowing golden altar of the Shining One.
 23888 | D:14     | Found Wittoxt's General Store.
 24284 | D:15     | Entered Level 15 of the Dungeon
 24494 | D:15     | Received a gift from Okawaru
 24517 | D:15     | Found a staircase to the Depths.
 24561 | D:15     | Reached skill level 5 in Stealth
 25204 | Orc:1    | Entered Level 1 of the Orcish Mines
 25243 | Orc:1    | Received a gift from Okawaru
 25510 | Orc:1    | Found a shimmering blue altar of Sif Muna.
 25530 | Orc:1    | Got a ragged book
 25598 | Orc:2    | Entered Level 2 of the Orcish Mines
 26011 | Orc:2    | Found a staircase to the Elven Halls.
 26497 | Orc:2    | Found Emeprual's Antique Armour Emporium.
 26497 | Orc:2    | Found Eqeunogu's Distillery.
 26516 | Orc:2    | Bought a potion of resistance for 130 gold pieces
 26516 | Orc:2    | Bought 2 potions of heal wounds for 130 gold pieces
 26516 | Orc:2    | Bought a potion of heal wounds for 65 gold pieces
 26516 | Orc:2    | Bought a potion of heal wounds for 65 gold pieces
 26516 | Orc:2    | Bought a potion of heal wounds for 65 gold pieces
 26642 | Orc:2    | Found Ulote's Armour Emporium.
 26642 | Orc:2    | Found Astrechy's Assorted Antiques.
 26657 | Orc:2    | Bought a scroll of teleportation for 99 gold pieces
 27034 | Elf:1    | Entered Level 1 of the Elven Halls
 27110 | Elf:1    | Found Yteffam's General Store.
 27118 | Elf:1    | Found Ackyeqog's Antique Armour Boutique.
 27126 | Elf:1    | Found Kako's Assorted Antiques.
 27415 | Elf:1    | Reached XP level 17. HP: 92/120 MP: 19/19
 27806 | Elf:1    | Received a gift from Okawaru
 27996 | Elf:1    | Bought a potion of mutation for 152 gold pieces
 27996 | Elf:1    | Bought a scroll of enchant weapon for 142 gold pieces
 27996 | Elf:1    | Bought a scroll of teleportation for 57 gold pieces
 27996 | Elf:1    | Gained mutation: You have a pair of small antennae on your
                  | head. [potion of mutation]
 27997 | Elf:1    | Lost mutation: You have a pair of small antennae on your
                  | head. [potion of mutation]
 27997 | Elf:1    | Gained mutation: You have a pair of small horns on your
                  | head. [potion of mutation]
 27997 | Elf:1    | Gained mutation: You passively dampen the noise of your
                  | surroundings. [potion of mutation]
 28585 | Elf:2    | Found a runed translucent gate.
 28585 | Elf:2    | Found a runed translucent gate.
 28585 | Elf:2    | Found a runed translucent gate.
 28622 | Elf:2    | Reached skill level 19 in Fighting
 28661 | Elf:2    | Found a crumbling gateway.
 28687 | Desolati | Entered the Desolation of Salt
 28729 | Desolati | Received a gift from Okawaru
 29846 | Elf:2    | Received a gift from Okawaru
 30562 | Elf:3    | Entered Level 3 of the Elven Halls
 30661 | Elf:3    | Noticed Mara
 30676 | Elf:3    | Noticed vineage's illusion
 30681 | Elf:3    | Killed Mara
 30741 | Elf:3    | Found a transporter.
 30752 | Elf:3    | Found a transporter.
 30762 | Elf:3    | Noticed a deep elf blademaster
 30764 | Elf:3    | Found a one-way gate to the infinite horrors of the Abyss.
 30764 | Elf:3    | Noticed DocSulfur's ghost (veteran TeBe)
 30764 | Elf:3    | Noticed an Executioner
 30885 | Elf:3    | Reached XP level 18. HP: 128/128 MP: 20/20
 30956 | Elf:3    | Noticed a Tzitzimitl
 30956 | Elf:3    | Noticed a deep elf blademaster
 30976 | Elf:3    | Killed a deep elf blademaster
 30976 | Elf:3    | Received a gift from Okawaru
 31194 | Abyss:3  | Cast into level 3 of the Abyss (a deep elf sorcerer)
 31339 | Abyss:3  | Paralysed by accursed screaming for 1 turns
 31359 | Abyss:3  | Reached skill level 10 in Stealth
 31407 | Abyss:3  | Received a gift from Okawaru
 31468 | Abyss:3  | Got an abyssal rune of Zot
 31478 | Elf:3    | Escaped the Abyss
 31479 | Elf:3    | Noticed a deep elf master archer
 31493 | Elf:3    | Noticed a deep elf master archer
 31495 | Elf:3    | Identified the +0 halberd "Damozyu" {elec, *Noise rElec
                  | rPois SInv}
 31495 | Elf:3    | Identified the amulet of the Madman {rPois rC- Regen+
                  | Str+3}
 31497 | Elf:3    | Noticed a deep elf blademaster
 32210 | Elf:3    | Reached skill level 20 in Fighting
 32212 | Elf:3    | Killed a deep elf master archer
 32224 | Elf:3    | Identified the +5 plate armour "Vefroach" {rF+ Will+
                  | Stlth+}
 32253 | Elf:3    | Noticed a Brimstone Fiend
 32259 | Elf:3    | Killed a deep elf blademaster
 32456 | Elf:3    | Killed a deep elf master archer
 32465 | Elf:3    | Identified the +6 hand axe of Dominance {protect, rC+}
 32503 | Elf:3    | Received a gift from Okawaru
 32775 | Elf:3    | Reached skill level 15 in Polearms
 33075 | Elf:3    | Identified the +12 battleaxe "Zuicoygg" {pain, rF+ Dex-3
                  | Stlth+}
 33076 | Elf:3    | Identified the +8 war axe "Oggi" {spect, rN+}
 33293 | Elf:3    | Identified the +0 ring mail of Liqohob {*Slow rPois Regen+
                  | Int+3}
 33316 | Elf:3    | Got an embossed book
 34195 | Swamp:1  | Entered Level 1 of the Swamp
 34241 | Swamp:1  | Received a gift from Okawaru
 34677 | Swamp:1  | Found a large runed translucent door.
 34682 | Swamp:1  | Found a large runed translucent door.
 34685 | Swamp:1  | Noticed Gabrierda's ghost (journeyman DjIE)
 34731 | Swamp:1  | Killed Gabrierda's ghost
 34811 | Swamp:2  | Reached XP level 19. HP: 125/136 MP: 21/21
 34828 | Swamp:2  | Identified the +4 long sword of Beyond {spect, Will+ SInv}
 35888 | Swamp:4  | Entered Level 4 of the Swamp
 36059 | Swamp:4  | Reached skill level 21 in Fighting
 36500 | Swamp:4  | Received a gift from Okawaru
 36530 | Swamp:4  | Got a decaying rune of Zot
 36842 | Snake:1  | Entered Level 1 of the Snake Pit
 36851 | Snake:1  | Reached skill level 15 in Shields
 37331 | Snake:1  | Noticed Aizul
 37346 | Snake:1  | Killed Aizul
 38068 | Snake:2  | Received a gift from Okawaru
 38330 | Snake:2  | Reached XP level 20. HP: 144/144 MP: 22/22
 39325 | Snake:3  | Noticed Roxanne
 39344 | Snake:3  | Killed Roxanne
 39344 | Snake:3  | Received a gift from Okawaru
 39483 | Snake:3  | Noticed Saint Roka
 39510 | Snake:3  | Killed Saint Roka
 39518 | Snake:3  | Found a flickering gateway to a bazaar.
 39527 | Bazaar   | Entered a bazaar
 39527 | Bazaar   | Found Xewim's Book Shop.
 39527 | Bazaar   | Found Gutyruod's Antique Weapon Emporium.
 39527 | Bazaar   | Found Moaf Mus's Magic Scroll Shop.
 39527 | Bazaar   | Found Dimmufay's Antique Weapon Shoppe.
 39536 | Bazaar   | Found Ypopt's Jewellery Boutique.
 39541 | Bazaar   | Bought a scroll of fog for 48 gold pieces
 39541 | Bazaar   | Bought a scroll of fog for 48 gold pieces
 39541 | Bazaar   | Bought a scroll of teleportation for 36 gold pieces
 39758 | Snake:4  | Entered Level 4 of the Snake Pit
 39769 | Snake:4  | Found a shimmering altar of Xom.
 39799 | Snake:4  | Reached skill level 22 in Fighting
 39910 | Snake:4  | Received a gift from Okawaru
 39998 | Snake:4  | Got a serpentine rune of Zot
 40402 | Snake:4  | Found a runed translucent door.
 40405 | Snake:4  | Noticed Domino's ghost (adept MiBe)
 40805 | Snake:4  | Killed Domino's ghost
 40941 | Slime:1  | Entered Level 1 of the Pits of Slime
 40965 | Slime:1  | Received a gift from Okawaru
 41136 | Slime:2  | Gained mutation: You occasionally shout uncontrollably at
                  | your foes. [a shining eye]
 41251 | Slime:5  | Entered Level 5 of the Pits of Slime
 41373 | Slime:5  | Received a gift from Okawaru
 41379 | Slime:5  | Reached XP level 21. HP: 118/152 MP: 23/23
 41457 | Slime:5  | Gained mutation: You have hidden genetic defects. [a
                  | shining eye]
 41539 | Slime:5  | Noticed the Royal Jelly
 41606 | Slime:5  | Killed the Royal Jelly
 42028 | Slime:5  | Gained mutation: You are frail. (-10% HP) [a shining eye]
 42102 | Slime:5  | Identified the +0 ring mail "Hibbuwoes" {rF+ rC+}
 42108 | Slime:5  | Got a torn book
 42125 | Slime:5  | Identified the ring of Zall {rElec rF+ rN+ rCorr Int+2}
 42131 | Slime:5  | Got a slimy rune of Zot
 42132 | Slime:5  | Identified the +6 short sword of Dithmenos's Envy {flame,
                  | Dex+7}
 42139 | Slime:5  | Identified the +3 arbalest "Wiruecva" {elec, rPois}
 42181 | Slime:5  | Identified the +1 ring mail "Gulezem" {Int+3}
 42219 | Slime:5  | Identified the +6 shortbow of Chance {heavy, rN+ Will+++
                  | MP-9 Str-3}
 42227 | Slime:5  | Identified the ring of the Freezing God {rN+ Str+3 Dex+6}
 42571 | Vaults:1 | Entered Level 1 of the Vaults
 42710 | Vaults:1 | Reached skill level 23 in Fighting
 42732 | Vaults:1 | Noticed Donald
 42735 | Vaults:1 | Gained mutation: Your body sometimes deteriorates upon
                  | taking damage. [hidden defects]
 42754 | Vaults:1 | HP: 3/137 [Donald/+0 eveningstar (39)]
 42755 | Vaults:1 | Slain by Donald

Illustrated notes

Levels and vault maps discovered:
D:1:      saegor_arrival_simple_d, layout_loops_ring, nicolae_titane
D:2:      minmay_wonky_spiral, layout_loops_ring,
          chequers_ecumenical_altar_simple
D:3:      layout_rooms, corexii_hall_statues_l, uniq_sigmund
D:4:      minmay_chambers_of_threes, layout_rooms, serial_rivers,
          chequers_serial_rivers_micro_a, chequers_serial_rivers_micro_d,
          chequers_serial_rivers_micro_b, chequers_serial_rivers_micro_a,
          serial_shops, nicolae_square_shop, cheibrodos_sewer_entry_bend,
          minmay_bisected, uniq_ijyb, uniq_grinder
D:5:      layout_basic, lemuel_crystal_altar,
          chequers_temple_overflow_statue_of_worship,
          minmay_temple_entry_mini_moons, serial_shops, shop,
          hangedman_decor_push, ebering_dispersal_statue_hall
D:6:      layout_basic
D:7:      layout_loops_corners, nemelex_xobeh_ov_fountains_minmay,
          uniq_crazy_yiuf_cottage
D:8:      layout_basic, zin_statuary, serial_curves, eino_curves_02,
          eino_curves_03, eino_curves_03, eino_curves_01
D:9:      layout_rooms, lair_entry_dummy,
          hellmonk_guarded_unrand_sphere_of_battle, uniq_pikel
D:10:     layout_layer_cave, mainiacjoe_overflow_chevrons, hangedman_fish_farm
D:11:     minmay_the_grid_square_5x5_4x4 [minmay_the_grid_square_5x5_seven,
          minmay_the_grid_square_5x5_lines, minmay_the_grid_square_5x5_minibox,
          minmay_the_grid_square_5x5_percent, minmay_the_grid_square_5x5_bridge,
          minmay_the_grid_square_5x5_prize_open,
          minmay_the_grid_square_5x5_prize_waves,
          minmay_the_grid_square_5x5_dogpile,
          minmay_the_grid_square_5x5_hollow_slash,
          minmay_the_grid_square_5x5_prize_deathbox,
          minmay_the_grid_square_5x5_prize_open,
          minmay_the_grid_square_5x5_beaten_path,
          minmay_the_grid_square_5x5_eight,
          minmay_the_grid_square_5x5_two_walls_b,
          minmay_the_grid_square_5x5_bite,
          minmay_the_grid_square_5x5_eight_small], layout_rooms
D:12:     layout_gridville, minmay_orc_entry_temple_large, uniq_nergalle,
          uniq_kirke
D:13:     layout_roguey, gauntlet_entry_generic, uniq_azrael
D:14:     layout_loops_ring, david_vaults_2, tso_metal_star, serial_shops,
          bzr_entry_gold, shop
D:15:     hangedman_depths_entry_try_elsewhere_first, layout_long_grid,
          chequers_serial_rivers_micro_e
Temple:   nicolae_temple_no_exploring_needed
Lair:1:   layout_regular_city, pdpol_lair_cavern_descent, grunt_megastairs_4,
          uniq_harold
Lair:2:   layout_gridlike, minmay_swamp_entry_worms,
          guppyfry_snake_entry_island, enter_volcano_2, uniq_gastronok,
          uniq_fannar, uniq_sonja
Lair:3:   layout_concentric_octagons
Lair:4:   layout_gridlike, slime_entry_1, columned_hall_lemuel,
          infiniplex_staircase_pool
Lair:5:   grunt_lair_end_beastmaster, layout_loops_ring, st_stairs_8
Swamp:1:  layout_falls_marsh, ebering_ghost_disaster_area,
          nicolae_swamp_bean_lake, nicolae_swamp_spriggan_camp
Swamp:2:  layout_basic_swamp, hangedman_swamp_lotus, swamp_pool3
Swamp:3:  layout_basic_swamp, evilmike_swamp_ruin_rubble_1
Swamp:4:  swamp_icy, layout_basic_swamp
Snake:1:  layout_chambers, st_stairs_6, serial_bayou_shore_b, uniq_aizul
Snake:2:  layout_cave_pods
Snake:3:  layout_misc_corridors, serial_shops, bzr_firewalk, uniq_saint_roka,
          uniq_roxanne
Snake:4:  snake_pit, layout_grid_maze, basic_altar, ebering_ghost_inner_flame
Slime:1:  layout_caves, nicolae_slime_phagocytosis
Slime:2:  layout_caves, uniq_dissolution
Slime:3:  layout_caves
Slime:4:  layout_caves
Slime:5:  slime_pit_nicolae_jellycorners
Orc:1:    layout_diamond_mine, led_sif_book
Orc:2:    st_orc_town, layout_caves, nicolae_orc_rich_vein
Elf:1:    layout_geoelf_diagonals, serial_shops,
          nicolae_shop_temple_entry_statues_fountains, hangedman_elf_disciples,
          minmay_shop_star
Elf:2:    elven_hall_of_blades_hangedman_original
          [nicolae_blade_entry_hurt_lockers], layout_gridlike,
          portal_desolation_entry_nicolae_nacl, st_stairs_9,
          small_chamber_with_monster
Elf:3:    elf_hall, layout_geoelf_octagon, gammafunk_ghost_abyssal_escape,
          grunt_ministairs_14, uniq_mara
Vaults:1: vaults_room_large_hall, v_misc_4, nicolae_vaults_mini_display_case,
          nicolae_vaults_rhombus_7, vaults_room_corners,
          nicolae_vaults_what_the_h, nicolae_vaults_spaceships,
          ontoclasm_vaults_gateway, v_pattern_4, nicolae_vaults_trapezoid_3,
          v_alt_pattern_3, ontoclasm_vaults_claustrophobia,
          layout_vaults_omnibox, serial_shops, shop, uniq_donald

Skill      XL: |  1  2  3  4  5  6  7  8  9 10 11 12 13 14 15 16 17 18 19 20 21 |
---------------+----------------------------------------------------------------+-----
Fighting       | 3 4 6 7 8 10 11 12 13 14 15 16 17 18 19 20 21 22 23 | 23.0
Polearms       | 3 4 6 7 8 9 11 12 13 14 15 17 18 | 18.9
Armour         | 2 3 5 8 10 13 14 15 16 17 18 19 | 19.8
Shields        | 4 6 8 10 11 12 13 14 15 16 | 16.3
Invocations    | 3 |  3.6
Dodging        | 7 10 11 12 13 | 13.2
Stealth        | 6 9 11 | 11.4
Throwing       | |  1.7

Action                     |  1- 3 |  4- 6 |  7- 9 | 10-12 | 13-15 | 16-18 | 19-21 || total
---------------------------+-------+-------+-------+-------+-------+-------+-------++-------
  Melee: Trident           |   109 |   148 |   460 |   858 |  1127 |       |       ||  2702
         Unarmed           |       |    21 |       |       |       |       |       ||    21
         Punch             |       |       |     6 |       |       |       |       ||     6
         Demon trident     |       |       |       |       |   557 |  1583 |  1521 ||  3661
         Headbutt          |       |       |       |       |       |   159 |   403 ||   562
 Invoke: Heroism           |       |       |     1 |     8 |     9 |    17 |     3 ||    38
         Receive Weapon    |       |       |       |       |     1 |       |       ||     1
         Receive Armour    |       |       |       |       |     1 |       |       ||     1
         Finesse           |       |       |       |       |       |     2 |     1 ||     3
    Use: Scroll            |     4 |     8 |     7 |     3 |     9 |    13 |     3 ||    47
         Potion            |       |     1 |     1 |     1 |       |     9 |     8 ||    20
   Stab: Distracted        |       |       |       |     1 |       |       |       ||     1
         Invisible         |       |       |       |       |       |     1 |       ||     1
 Armour: Leather armour    |    29 |       |       |       |       |       |       ||    29
         Chain mail        |    26 |   120 |   332 |   583 |   600 |       |       ||  1661
         Skin              |       |    16 |       |       |       |       |       ||    16
         Crystal plate arm |       |       |       |       |   355 |   564 |   559 ||  1478
  Dodge: Dodged            |    49 |    87 |   285 |   527 |   831 |   635 |   638 ||  3052
         Repelled          |       |       |       |       |       |    27 |    33 ||    60
  Block: Buckler           |       |       |     4 |   231 |    45 |   580 |   629 ||  1489
         Kite shield       |       |       |       |       |  1128 |       |       ||  1128

Table legend: (Time is in decaauts)
 A = Elapsed time spent in this place.
 B = Non-inter-level travel time spent in this place.
 C = Inter-level travel time spent in this place.
 D = Time resting spent in this place.
 E = Time spent auto-exploring this place.
 F = Levels seen in this place.
 G = Mean time per level.
                   A        B        C        D        E       F      G
               +--------+--------+--------+--------+--------+-----+--------+
         Total |  41221 |  38352 |   2869 |   7541 |  21991 |  47 |  877.0 |
       Dungeon |  14856 |  13627 |   1229 |   1552 |   9125 |  15 |  990.4 |
        Temple |      1 |      1 |      0 |      0 |      0 |   1 |    1.0 |
          Lair |   9341 |   8751 |    590 |   2816 |   4035 |   5 | 1868.2 |
         Swamp |   2432 |   2277 |    155 |      0 |   1734 |   4 |  608.0 |
     Snake Pit |   3723 |   3595 |    128 |      0 |   2804 |   4 |  930.8 |
    Slime Pits |   1214 |   1100 |    114 |    390 |    300 |   5 |  242.8 |
  Orcish Mines |   1758 |   1493 |    265 |    192 |    909 |   2 |  879.0 |
   Elven Halls |   6364 |   5980 |    384 |   2557 |   2420 |   3 | 2121.3 |
        Vaults |    152 |    151 |      1 |      0 |     78 |   1 |  152.0 |
         Abyss |    199 |    199 |      0 |      0 |     14 |   1 |  199.0 |
        Bazaar |    184 |    184 |      0 |      0 |    120 |   2 |   92.0 |
         Sewer |    309 |    309 |      0 |      0 |    172 |   1 |  309.0 |
       Volcano |    300 |    300 |      0 |     34 |    141 |   1 |  300.0 |
    Desolation |     73 |     73 |      0 |      0 |      0 |   1 |   73.0 |
      Gauntlet |    309 |    309 |      0 |      0 |    139 |   1 |  309.0 |
               +--------+--------+--------+--------+--------+-----+--------+

Top non-repeatable levels by time:
   Elf:3: 3036 daAuts
  Lair:2: 2866 daAuts
   Elf:2: 1983 daAuts
    D:10: 1835 daAuts
  Lair:4: 1812 daAuts
  Lair:1: 1748 daAuts
  Lair:3: 1543 daAuts
     D:7: 1481 daAuts
     D:9: 1447 daAuts
  Lair:5: 1370 daAuts
   Elf:1: 1345 daAuts
   Orc:2: 1258 daAuts
 Snake:1: 1155 daAuts
    D:11: 996 daAuts
 Snake:4: 995 daAuts
